 Dungeon Crawl Stone Soup version 0.14-a0-852-g0ba292f (webtiles) character file.

276 Daniel the Chopper (level 5, -2/47 HPs)
             Began as a Minotaur Fighter on Nov 15, 2013.
             Was a Follower of Makhleb.
             Slain by an orc priest (5 damage)
             ... on Level 5 of the Dungeon.
             The game lasted 00:06:53 (1353 turns).

Daniel the Chopper (Minotaur Fighter)               Turns: 1353, Time: 00:06:53

HP  -2/47        AC  8     Str 21      XL: 5   Next: 83%
MP   1/1         EV  6     Int  5      God: Makhleb [*.....]
Gold 31          SH 19     Dex 12      Spells:  0 memorised,  4 levels left

Res.Fire  : . . .   See Invis. : .   a - +0 hand axe
Res.Cold  : . . .   Warding    : .   b - +0 scale mail
Life Prot.: . . .   Conserve   : .   c - +0 shield (curse)
Res.Poison: .       Res.Corr.  : .   (helmet restricted)
Res.Elec. : .       Clarity    : .   l - +0 cloak
Sust.Abil.: . .     Spirit.Shd : .   (no gloves)
Res.Mut.  : .       Stasis     : .   (no boots)
Res.Rott. : .       Flight     : .   (no amulet)
Saprovore : . . .                    (no ring)
                                     m - cursed +2 ring of dexterity

@: mildly poisoned, slightly resistant to hostile enchantments, extremely
unstealthy
A: retaliatory headbutt, horns 2
a: Renounce Religion


You were on level 5 of the Dungeon.
You worshipped Makhleb.
Makhleb was aware of your devotion.
You were very hungry.

You visited 2 branches of the dungeon, and saw 7 of its levels.
You also visited: Ossuary.

You collected 31 gold pieces.

Inventory:

Hand weapons
 a - a +0,+0 hand axe (weapon)
Armour
 b - a +0 scale mail (worn)
 c - a cursed +0 shield (worn)
 l - a +0 cloak (worn)
Comestibles
 d - 2 bread rations
 i - a meat ration
Scrolls
 e - a scroll of curse armour {unknown}
 f - 2 scrolls of enchant armour {unknown}
 h - 6 scrolls of identify {unknown}
 j - 4 scrolls of enchant weapon II {unknown}
 k - 2 scrolls of fog {unknown}
 o - a scroll of recharging {unknown}
 t - a scroll of remove curse {unknown}
Jewellery
 m - a cursed +2 ring of dexterity (left hand)
Potions
 g - a potion of curing {unknown}
 n - a potion of brilliance {unknown}
 p - a potion of invisibility {unknown}
 q - a potion of agility {unknown}
 r - a potion of poison {unknown}
 s - a potion of berserk rage


   Skills:
 + Level 5.1 Fighting
 * Level 5.6 Axes
 + Level 4.8 Armour
 - Level 3.6 Shields


You had 4 spell levels left.
You didn't know any spells.

Dungeon Overview and Level Annotations

Branches:
Dungeon (6/16)             Temple (1/1) D:4
    Orc: D:6-11

Altars:
Cheibriados
Makhleb
Nemelex Xobeh
Vehumet
Zin

Shops:
D:4 }


Innate Abilities, Weirdness & Mutations

You reflexively headbutt those who attack you in melee.
You have a pair of horns on your head.


Message History

Found an escape hatch in the ceiling. 3 orcs come into view.
There are monsters nearby!
You feel sick.
You feel a little better.
You feel sick.
You feel sick.
The orc priest prays to Beogh.
You feel a wave of unholy energy pass over you.
You start resting.
The orc shouts!
The orc priest invokes the aid of Beogh against you.
Something smites you!
* * * LOW HITPOINT WARNING * * *
You are too injured to fight recklessly!
You are too injured to fight recklessly!
Drink which item? (? for menu, Esc to quit)
You're too hungry to go berserk.
It was a potion of berserk rage.
The orc priest hits you.
You die... o∙o∙∙∙∙∙∙∙∙<∙∙∙∙∙

∙∙ ▒∙▒ ▒∙▒ ▒∙ ▒o▒
▒∙▒ ▒∙ ▒∙▒ ▒∙▒∙ ▒∙
▒o▒ ▒∙▒∙ ▒∙ ▒∙▒
▒∙▒∙▒ ▒∙ ▒∙▒ ▒∙▒∙▒
▒>
▒o▒▒▒▒▒▒▒∙▒∙▒▒▒▒▒▒)
▒∙@∙∙∙∙∙∙∙∙∙∙∙∙∙∙∙∙
▒▒▒▒▒▒▒▒▒∙▒▒∙∙∙∙∙∙∙
▒∙∙'∙∙∙∙∙∙∙
▒▒▒▒∙∙∙∙∙∙∙
▒∙∙∙∙∙∙∙ ▒∙∙∙∙∙∙∙∙∙
▒∙∙∙∙∙∙∙∙∙
▒∙∙∙▒▒∙▒▒∙ ▒▒▒▒▒▒∙▒
∙


You could see an orc priest and 2 orcs.

Vanquished Creatures
  A sky beast (D:6)
  A hound (D:4)
  A scorpion (D:5)
  An iguana (D:4)
  2 mummies (Ossuary)
  An adder (D:3)
  A giant mite (D:3)
  A giant gecko (D:1)
  A bat (D:3)
  2 hobgoblins
  2 jackals (D:3)
  3 kobolds
  2 gnoll skeletons (Ossuary)
  5 gnoll zombies (Ossuary)
  2 goblins
  3 goblin skeletons (Ossuary)
  A goblin zombie (Ossuary)
  4 hobgoblin skeletons (Ossuary)
  A hobgoblin zombie (Ossuary)
  2 kobold zombies (Ossuary)
  5 orc skeletons
  An orc zombie (Ossuary)
  3 rats
  3 rat skeletons (Ossuary)
  2 rat zombies (Ossuary)
51 creatures vanquished.

Vanquished Creatures (others)
  Menkaure (Ossuary)
  A mummy (Ossuary)
  2 goblin skeletons (Ossuary)
  3 goblin zombies (Ossuary)
  A hobgoblin skeleton (Ossuary)
  2 hobgoblin zombies (Ossuary)
  4 kobold skeletons (Ossuary)
  3 kobold zombies (Ossuary)
  2 orc skeletons (Ossuary)
  An orc zombie (Ossuary)
  A rat skeleton (Ossuary)
  4 rat zombies (Ossuary)
25 creatures vanquished.

Grand Total: 76 creatures vanquished

Notes
Turn   | Place    | Note
--------------------------------------------------------------
     0 | D:1      | Daniel, the Minotaur Fighter, began the quest for the Orb.
     0 | D:1      | Reached XP level 1. HP: 19/19 MP: 0/0
   141 | D:2      | Reached XP level 2. HP: 23/26 MP: 0/0
   181 | D:3      | Reached skill level 4 in Fighting
   250 | D:4      | Reached XP level 3. HP: 25/33 MP: 1/1
   255 | D:4      | Found Inenoiv's Gadget Boutique.
   435 | D:4      | Found a staircase to the Ecumenical Temple.
   445 | Temple   | Entered the Ecumenical Temple
   449 | Temple   | Became a worshipper of Makhleb the Destroyer
   532 | D:4      | Reached XP level 4. HP: 8/40 MP: 1/1
   561 | D:4      | Found a sand-covered staircase.
   613 | Ossuary  | Entered an ossuary
   732 | Ossuary  | Killed Menkaure
   957 | Ossuary  | Acquired Makhleb's first power
  1084 | D:5      | Entered Level 5 of the Dungeon
  1190 | D:6      | Noticed a sky beast
  1244 | D:6      | Killed a sky beast
  1244 | D:6      | Reached skill level 5 in Fighting
  1244 | D:6      | Reached skill level 5 in Axes
  1244 | D:6      | Reached XP level 5. HP: 47/47 MP: 1/1
  1264 | D:6      | Noticed an orc warrior
  1353 | D:5      | Slain by an orc priest

Action                   |  1- 3 |  4- 6 || total
-------------------------+-------+-------++-------
Melee: Hand axe          |    49 |    96 ||   145
  Use: Potion            |       |     1 ||     1
